 Dungeon Crawl Stone Soup version 0.26-a0-576-gcfaa98f945 (webtiles) character file.

Game seed: 7566475837330459240

4 Isi the Gusty (level 1, 0/14 HPs)
             Began as a Minotaur Air Elementalist on Aug 22, 2020.
             Killed from afar by a dart slug (4 damage)
             ... with a slug dart
             ... on level 1 of the Dungeon.
             The game lasted 00:04:37 (323 turns).

Isi the Gusty (Minotaur Air Elementalist)            Turns: 323, Time: 00:04:38

Health: 0/14       AC:  2    Str: 12    XL:     1   Next: 50%
Magic:  1/1        EV: 12    Int: 12    God:
Gold:   0          SH:  0    Dex: 10    Spells: 1/2 levels left

rFire    . . .     SeeInvis .   b - +0 whip
rCold    . . .     Faith    .   (no shield)
rNeg     . . .     Spirit   .   a - +0 robe
rPois    .         Reflect  .   (helmet restricted)
rElec    .         Harm     .   (no cloak)
rCorr    .                      (no gloves)
MR       .....                  (no boots)
Stlth    ++........             (no amulet)
HPRegen  0.04/turn              (no ring)
MPRegen  0.07/turn              (no ring)

@: no status effects
A: retaliatory headbutt, horns 2
a: no special abilities


You were on level 1 of the Dungeon.
You visited 1 branch of the dungeon, and saw 1 of its levels.

Inventory:

Hand Weapons
 b - a +0 whip (weapon)
 e - a +0 club
Armour
 a - a +0 robe (worn)
 d - a +0 barding


   Skills:
 + Level 2.1 Dodging
 + Level 1.6 Stealth
 + Level 1.3 Spellcasting
 + Level 0.6 Conjurations
 + Level 2.3 Air Magic


You had one spell level left.
You knew the following spells:

 Your Spells              Type           Power        Failure   Level
a - Shock                 Conj/Air       #...         16%         1

Your spell library contained the following spells:

 Spells                   Type           Power        Failure   Level
 Swiftness                Air            #.......     17%         2
 Static Discharge         Conj/Air       #.......     43%         3
 Airstrike                Air            #.........   73%         4
 Lightning Bolt           Conj/Air       #.........   99%         5


Dungeon Overview and Level Annotations

Branches:
Dungeon (1/15)

Altars:


Innate Abilities, Weirdness & Mutations

You reflexively headbutt those who attack you in melee.
You have a pair of horns on your head.


Message History

The leopard gecko bites you.
You closely miss the leopard gecko.
The leopard gecko is moderately wounded.
The leopard gecko barely misses you.
You barely miss the leopard gecko. Your headbutt misses the leopard gecko.
The leopard gecko is moderately wounded.
The leopard gecko closely misses you. The leopard gecko bites you.
You barely miss the leopard gecko.
The leopard gecko is moderately wounded.
The leopard gecko bites you.
* * * LOW HITPOINT WARNING * * *
As you read the scroll of fear, it crumbles to dust.
You assume a fearsome visage.
The leopard gecko looks frightened!
A dart slug comes into view.
A rat comes into view.
The helpless dart slug fails to defend itself.
You hit the dart slug but do no damage. The dart slug launches a dart at you.
The slug dart hits you.
You die...

#.... #..
##+## #.# #.#
#.# ## # ###.#
.. #.
r..######## ..
#.##.w.......
..
#..l.@.......
..
####.########
... #.......#
.... #######.#
....≈
##.######..≈≈≈
#.......#≈≈≈≈§
#..####.#...≈≈
#.......#....§
#.####.......≈


You could see a dart slug, a leopard gecko (wandering) and a rat (asleep).

Vanquished Creatures
  A dart slug (D:1)
  A bat (D:1)
  A kobold (D:1)
3 creatures vanquished.

Notes
Turn   | Place    | Note
-------+----------+-------------------------------------------
     0 | D:1      | Isi the Minotaur Air Elementalist began the quest for the
                  | Orb.
     0 | D:1      | Reached XP level 1. HP: 14/14 MP: 1/1
   323 | D:1      | Killed from afar by a dart slug

Illustrated notes

Levels and vault maps discovered:
D:1:      nzn_arrival_depleted_hourglass, layout_basic, lemuel_old_faithful

Action                   || total
-------------------------++-------
Melee: Whip              ||    11
       Unarmed           ||     5
       Headbutt          ||     3
  Use: Scroll            ||     2
 Stab: Sleeping          ||     1
Dodge: Dodged            ||    13

Table legend: (Time is in decaauts)
 A = Elapsed time spent in this place.
 B = Non-inter-level travel time spent in this place.
 C = Inter-level travel time spent in this place.
 D = Time resting spent in this place.
 E = Time spent auto-exploring this place.
 F = Levels seen in this place.
 G = Mean time per level.
                   A        B        C        D        E       F      G
               +--------+--------+--------+--------+--------+-----+--------+
         Total |    327 |    189 |    138 |      0 |      0 |   1 |  327.0 |
       Dungeon |    327 |    189 |    138 |      0 |      0 |   1 |  327.0 |
               +--------+--------+--------+--------+--------+-----+--------+

Top non-repeatable levels by time:
     D:1: 327 daAuts
